 Dungeon Crawl Stone Soup version 0.20.1-1-g8b1a95d (webtiles) character file.

1456 Sunburn the Skirmisher (level 8, -7/67 HPs)
             Began as a Demonspawn Fire Elementalist on July 12, 2017.
             Was an Initiate of Vehumet.
             Mangled by a two-headed ogre
             ... wielding a +0 giant club
              (23 damage)
             ... on level 8 of the Dungeon.
             The game lasted 00:24:53 (8925 turns).

Sunburn the Skirmisher (DsFE)                       Turns: 8925, Time: 00:24:54

Health: -7/67      AC:  6    Str: 13    XL:     8   Next: 47%
Magic:  3/14       EV: 13    Int: 22    God:    Vehumet [......]
Gold:   586        SH:  0    Dex: 13    Spells: 6/16 levels left

rFire    + . .     SeeInvis .   E - +2 long sword
rCold    . . .     Gourm    .   (no shield)
rNeg     . . .     Faith    .   a - +0 robe
rPois    .         Spirit   .   (no helmet)
rElec    .         Reflect  .   A - +0 cloak
rCorr    .         Harm     .   J - +0 pair of gloves
MR       .....                  (no boots)
Stlth    ++++......             (no amulet)
Regen    0.3/turn               F - +2 ring of strength
MPRegen  0.2/turn               y - ring of protection from fire

@: brilliant, about to teleport, very slightly contaminated
A: talons 1, yellow scales 1, nightstalker 2, spiny 1
a: Renounce Religion


You were on level 8 of the Dungeon.
You worshipped Vehumet.
Vehumet was noncommittal.
You were not hungry.

You visited 2 branches of the dungeon, and saw 9 of its levels.

You collected 586 gold pieces.

Inventory:

Hand Weapons
 k - a +0 flail
 E - a +2 long sword (weapon)
 H - a +0 war axe
Missiles
 i - 98 sling bullets
 z - an exploding tomahawk (quivered)
Armour
 a - a +0 robe (worn)
 d - a +0 leather armour
 A - a +0 cloak (worn)
 J - a +0 pair of gloves (worn)
Jewellery
 c - an uncursed ring of flight
 x - an uncursed ring of ice
 y - a ring of protection from fire (right hand)
 F - a +2 ring of strength (left hand)
Wands
 G - a wand of disintegration (14/24)
Scrolls
 e - 4 scrolls of remove curse
 f - a scroll of enchant weapon
 j - a scroll of recharging
 q - a scroll of teleportation
 t - 3 scrolls of amnesia
 D - a scroll of magic mapping
 M - a scroll of random uselessness {unknown}
Potions
 g - a potion of resistance
 l - a potion of degeneration {unknown}
 m - 2 potions of mutation {unknown}
 o - a potion of agility {unknown}
 p - a potion of haste {unknown}
 s - 2 potions of lignification {unknown}
 u - 3 potions of might {unknown}
 v - a potion of cancellation {unknown}
 C - a potion of berserk rage {unknown}
 I - a potion of brilliance
Books
 b - a book of Flames

   Spells                             Type                      Level
   a - Flame Tongue                   Conjuration/Fire             1
   b - Throw Flame                    Conjuration/Fire             2
   c - Conjure Flame                  Conjuration/Fire             3
   d - Inner Flame                    Hexes/Fire                   3
   e - Sticky Flame                   Conjuration/Fire             4
   f - Fireball                       Conjuration/Fire             5
Comestibles
 B - 3 royal jellies


   Skills:
 + Level 7.2 Fighting
 - Level 3.3 Dodging
 - Level 1.7 Stealth
 - Level 4.5 Spellcasting
 - Level 3.5 Conjurations
 - Level 4.2 Fire Magic


You had 6 spell levels left.
You knew the following spells:

 Your Spells              Type           Power        Failure   Level  Hunger
a - Flame Tongue          Conj/Fire      #####        1%          1    None
b - Throw Flame           Conj/Fire      #####.       1%          2    None
c - Sticky Flame          Conj/Fire      #####...     2%          4    ####...
d - Conjure Flame         Conj/Fire      #####...     1%          3    ##.....


Dungeon Overview and Level Annotations

Branches:
Dungeon (8/15)             Temple (1/1) D:7
   Lair: D:8-11

Altars:
Dithmenos
Fedhas
Gozag
Kikubaaqudgha
Makhleb
Sif Muna
Vehumet
Zin

Annotations:
D:7 1 runed door


Innate Abilities, Weirdness & Mutations

You have sharp toenails.
You are partially covered in yellow scales. (AC +2)
You are significantly more attuned to the shadows.
You are partially covered in sharp spines.


Message History

The two-headed ogre burns!
The two-headed ogre is struck by your spines.
The two-headed ogre hits you but does no damage. x2
The two-headed ogre burns!
The two-headed ogre stops burning.
Casting: Throw Flame
Confirm with . or Enter, or press ? or * to list all spells.
Aiming: Throw Flame
Press: ? - help, Shift-Dir - straight line, f/p - two-headed ogre
Aim: a two-headed ogre, wielding two giant clubs (severely wounded)
The puff of flame hits the two-headed ogre.
The two-headed ogre is severely wounded.
Casting: Throw Flame
Confirm with . or Enter, or press ? or * to list all spells.
You don't have enough magic to cast that spell.
Unknown command.
Okay, then.
As you read the scroll of teleportation, it crumbles to dust.
You feel strangely unstable. The two-headed ogre closely misses you.
The two-headed ogre hits you with a giant club!!
You die...

.# #.# #.#
####.#
#.###....#
.........#
.###.##O#
#.##@#
#.##.######
..##.....<#
###########


You could see a two-headed ogre.

Vanquished Creatures
  A hungry ghost (D:7)
  Duvessa (D:6)
  A water moccasin (D:5)
  An ice beast (D:6)
  An orc warrior (D:6)
  An ogre (D:6)
  A bullfrog (D:6)
  Dowan (D:6)
  A howler monkey (D:6)
  3 crimson imps (D:6)
  2 hounds
  3 jellies
  An iguana (D:4)
  3 worker ants
  4 orc wizards
  10 adders
  An adder skeleton (D:5)
  3 worms
  4 dart slugs
  10 leopard geckos
  18 orcs
  3 ball pythons
  8 giant cockroaches
  5 goblins
  7 hobgoblins
  10 jackals
  10 kobolds
  2 quokkas
  3 bats
  10 frilled lizards
  A giant cockroach zombie (D:4)
  A quokka skeleton (D:5)
  A quokka zombie (D:7)
  7 rats
139 creatures vanquished.

Notes
Turn   | Place    | Note
-------+----------+-------------------------------------------
     0 | D:1      | Sunburn the Demonspawn Fire Elementalist began the quest for the Orb.
     0 | D:1      | Reached XP level 1. HP: 13/13 MP: 3/3
   938 | D:1      | Gained mutation: You are partially covered in sharp spines. [demonic ancestry]
   938 | D:1      | Reached XP level 2. HP: 10/20 MP: 0/5
   942 | D:1      | Learned a level 2 spell: Throw Flame
  1504 | D:2      | Gained mutation: You are slightly more attuned to the shadows. [demonic ancestry]
  1504 | D:2      | Reached XP level 3. HP: 25/25 MP: 1/6
  1601 | D:2      | Reached skill level 1 in Fighting
  1988 | D:2      | Found an ancient bone altar of Kikubaaqudgha.
  2569 | D:2      | Reached XP level 4. HP: 32/32 MP: 2/7
  3332 | D:3      | Reached skill level 2 in Fighting
  3341 | D:3      | Learned a level 4 spell: Sticky Flame
  3584 | D:4      | Noticed a sky beast
  3674 | D:4      | Gained mutation: You are partially covered in yellow scales. (AC +2) [demonic ancestry]
  3674 | D:4      | Reached XP level 5. HP: 29/38 MP: 4/9
  3894 | D:4      | Learned a level 3 spell: Conjure Flame
  4717 | D:4      | Gained mutation: You have sharp toenails. [demonic ancestry]
  4717 | D:4      | Reached XP level 6. HP: 44/44 MP: 11/11
  5086 | D:5      | Entered Level 5 of the Dungeon
  5086 | D:5      | Found a blossoming altar of Fedhas.
  5308 | D:5      | Reached skill level 3 in Fighting
  5413 | D:5      | Noticed a water moccasin
  5437 | D:5      | Found a shadowy altar of Dithmenos.
  5444 | D:5      | Killed a water moccasin
  5675 | D:5      | Found a deep blue altar of Sif Muna.
  5919 | D:5      | Reached XP level 7. HP: 48/52 MP: 9/12
  6532 | D:6      | Found a burning altar of Makhleb.
  7473 | D:7      | Reached skill level 4 in Fighting
  7575 | D:7      | Found a glowing silver altar of Zin.
  7576 | D:7      | Noticed Dowan
  7893 | D:7      | Noticed Duvessa
  8031 | D:6      | Reached skill level 5 in Fighting
  8031 | D:6      | Gained mutation: You are significantly more attuned to the shadows. [demonic ancestry]
  8031 | D:6      | Reached XP level 8. HP: 51/62 MP: 9/14
  8257 | D:6      | Killed Duvessa
  8257 | D:6      | Reached skill level 6 in Fighting
  8275 | D:6      | Killed Dowan
  8538 | D:7      | Reached skill level 7 in Fighting
  8654 | D:7      | Found a runed door.
  8801 | D:7      | Found a staircase to the Ecumenical Temple.
  8813 | Temple   | Entered the Ecumenical Temple
  8836 | Temple   | Became a worshipper of Vehumet
  8914 | D:8      | Noticed a two-headed ogre
  8925 | D:8      | Mangled by a two-headed ogre

Skill      XL: |  1  2  3  4  5  6  7  8 |
---------------+-------------------------+-----
Dodging        | 2 3 |  3.3
Fire Magic     | 3 4 |  4.2
Fighting       | 1 2 3 5 7 |  7.2
Conjurations   | 2 3 |  3.5
Spellcasting   | 3 4 |  4.5
Stealth        | |  1.7

Action                   |  1- 3 |  4- 6 |  7- 9 || total
-------------------------+-------+-------+-------++-------
Melee: Hand axe          |    73 |    64 |       ||   137
       Unarmed           |     5 |       |       ||     5
       Long sword        |       |    32 |    82 ||   114
       Kick              |       |     6 |    27 ||    33
 Cast: Flame Tongue      |    15 |     3 |       ||    18
       Throw Flame       |    15 |    33 |    12 ||    60
       Sticky Flame      |       |     3 |     9 ||    12
  Use: Scroll            |     4 |     7 |     7 ||    18
       Potion            |     2 |     3 |     3 ||     8
 Stab: Sleeping          |     3 |     9 |     5 ||    17
       Distracted        |       |       |     1 ||     1
  Eat: Chunk             |     4 |     1 |     3 ||     8
       Bread ration      |     1 |     1 |     2 ||     4
       Meat ration       |       |     1 |       ||     1
       Fruit             |       |     4 |       ||     4
       Royal jelly       |       |     1 |       ||     1
Armor: Robe              |    29 |    26 |    22 ||    77
Dodge: Dodged            |    50 |    79 |    56 ||   185
       Rpst.: Long sword |       |    11 |    17 ||    28
